 Dungeon Crawl Stone Soup version 0.32-a0-131-g9dbbe29261 (webtiles) character file.

Game seed: 15282850524333444917

2649 Dittersdorf the Shield-Bearer (level 9, -9/59 HPs)
             Began as a Gargoyle Fighter on Feb 8, 2024.
             Was an Initiate of Gozag.
             Mangled by an iguana (10 damage)
             ... on level 6 of the Dungeon.
             The game lasted 00:08:00 (5656 turns).

Dittersdorf the Shield-Bearer (Gargoyle Fighter)    Turns: 5656, Time: 00:08:00

Health: -9/59      AC: 24    Str: 23    XL:     9   Next: 62%
Magic:  9/9        EV:  8    Int: 10    God:    Gozag
Gold:   253        SH:  5    Dex:  9    Spells: 8/8 levels left

rFire   . . .        a - +0 flail (heavy)
rCold   . . .        c - +0 buckler
rNeg    + . .        s - +0 chain mail
rPois   ∞            u - +2 helmet
rElec   +            g - +0 cloak
rCorr   .            (no gloves)
SInv    .            j - +1 pair of boots
Will    .....        (no amulet) Stlth
                     (no ring)
HPRegen 0.29/turn    (no ring)
MPRegen 0.11/turn

%: no passive effects
@: gold aura
A: sickness immunity, AC +6, negative energy resistance 1, electricity
resistance, torment resistance 1, petrification resistance
a: Renounce Religion, Potion Petition, Call Merchant, Bribe Branch


You were on level 6 of the Dungeon.
You worshipped Gozag.
Gozag was aware of your devotion.
You visited 2 branches of the dungeon, and saw 7 of its levels.
You also visited: Sewer.

You collected 350 gold pieces.
You paid 97 gold pieces to Gozag.

Inventory:

Hand Weapons
 a - a +0 heavy flail (weapon)
Armour
 c - a +0 buckler (worn)
 g - a +0 cloak (worn)
 j - a +1 pair of boots (worn)
 r - a +0 plate armour
 s - a +0 chain mail (worn)
 u - a +2 helmet (worn)
Wands
 b - a wand of iceblast (8)
 t - a wand of light (10) (quivered)
Scrolls
 e - a scroll of enchant armour
 h - a scroll of fog
 k - a scroll of noise {unknown}
 m - a scroll of enchant weapon {unknown}
 p - a scroll of teleportation
Potions
 d - a potion of might
 f - 2 potions of resistance {unknown}
 i - a potion of lignification {unknown}
 l - a potion of mutation
 n - a potion of magic
 o - 3 potions of curing
 q - a potion of brilliance
 v - 4 potions of heal wounds


   Skills:
 + Level 7.8 Fighting
 + Level 6.6 Maces & Flails
 + Level 7.7 Armour
 + Level 7.8 Shields


You had 8 spell levels left.
You didn't know any spells.
Your spell library contained the following spells:

 Spells                   Type           Power      Damage    Failure   Level
 Magic Dart               Conj           0%         1d3       92%         1
 Blink                    Tloc           0%         N/A       98%         2
 Call Imp                 Summ           0%         N/A       98%         2
 Lesser Beckoning         Tloc           0%         N/A       98%         2
 Gell's Gravitas          Tloc           0%         N/A       100%        3
 Teleport Other           Tloc           0%         N/A       100%        3


Dungeon Overview and Level Annotations

Branches:
Dungeon (6/15)             Temple (1/1) D:6           Sewer (visited)

Altars:
Ashenzari
Cheibriados
Elyvilon
Fedhas
Gozag
Hepliaklqana
Kikubaaqudgha
Makhleb
Okawaru
Qazlal
Sif Muna
Uskayaw
Wu Jian
Xom
Zin
The Shining One

Shops:
D:2 :   D:3 *

Annotations:
D:1 2 transporters


Innate Abilities, Weirdness & Mutations

You are immune to sickness and miasma.
Your stone body is resilient. (AC +6)
You are immune to poison.
You resist negative energy. (rN+)
You are resistant to electric shocks. (rElec)
You are resistant to unholy torment.
You are immune to petrification.


Message History

Aim: a sleepcap (100% to hit)
The bolt of light hits the orc warrior.
The orc warrior is almost dead.
The orc warrior is no longer distracted by gold.
The orc warrior shouts!
The bolt of light hits the komodo dragon!
The komodo dragon is almost dead.
The bolt of light hits the sleepcap!
The sleepcap is heavily damaged.
The orc warrior hits you with a +0 war axe!
* * * LOW HITPOINT WARNING * * *
Aiming: Bolt of Light
Press: ? - help, Q - select action, (/) - cycle Shift-Dir - straight line, f - ogre, p - sleepcap
Aim: an ogre, wielding a +0 giant club (86% to hit)
The bolt of light hits the orc warrior!
You kill the orc warrior!
The bolt of light hits the komodo dragon.
The komodo dragon is almost dead.
The bolt of light hits the ogre!
The ogre is moderately wounded.
The ogre is blinded.
You hit the komodo dragon.
You kill the komodo dragon!
The iguana is distracted by your dazzling golden aura.
The sleepcap releases spores at you but does no damage.
The iguana hisses angrily.
You bludgeon the sleepcap!!
You destroy the sleepcap!
Things that are here:
21 gold pieces; a +0 war axe; a +0 chain mail You sock the iguana!
The iguana is no longer distracted by gold.
The iguana is almost dead.
The iguana hisses menacingly.
The iguana bites you.
* * * LOW HITPOINT WARNING * * *
The howler monkey hoots and howls with incredible vigour!
The iguana bites you!
You die...
Your body crumbles into a pile of gold.

.....##....# ####....##.#.#.
####.##.##.# ##.##..#.....#.>
#.##.##.#######...#.####..#.#.
#....##.............#####..#.#
#)####......................#.
####.#
#.####.....####.####.....
.....# #.#?.##...## #.# ##...#
.##### ##.#...##.## #.# #...
.## ##..##lhf#@# .##.#####...#
[.#
##....##h'#l#'.##...........
#.#
#......###hsO###............
..#
##.........ß................
.##
##....###...###...#####...#
.########..## '#.#+ ##..##
#...# .......##.## ..#.# ##..#
#...# ..#.##(##.# .##.## #..#
#..[# ..#.##.##.# .##...##
#..# #...#


You could see an ogre (blind, unable to see you), a scorpion, a howler monkey
(catching breath) and an iguana.

Vanquished Creatures
  A komodo dragon (D:6)
  Sigmund (D:3)
  A water moccasin (D:6)
  Duvessa (D:6)
  A black bear (D:6)
  2 ice beasts
  An orc warrior (D:6)
  3 ogres
  A phantom (D:6)
  5 kobold brigands (Sewer)
  3 scorpions
  Dowan (D:6)
  A bombardier beetle (D:5)
  4 hounds
  4 jellies
  An orc priest (D:3)
  An iron imp (D:3)
  An iguana (D:5)
  An orc wizard (D:3)
  A sleepcap (D:6)
  Natasha (thrice) (D:3)
  A river rat (Sewer)
  14 adders
  3 ribbon worms
  3 dart slugs
  12 orcs
  7 endoplasms
  5 giant cockroaches
  3 goblins
  10 hobgoblins
  13 jackals
  3 quokkas
  9 ball pythons
  3 bats
  2 frilled lizards (D:2)
  12 kobolds
  9 rats
147 creatures vanquished.

Notes
Turn   | Place    | Note
-------+----------+-------------------------------------------
     0 | D:1      | Dittersdorf the Gargoyle Fighter began the quest for the
                  | Orb.
     0 | D:1      | Reached XP level 1. HP: 14/14 MP: 1/1
    45 | D:1      | Reached XP level 2. HP: 18/19 MP: 2/2
   243 | D:1      | Reached XP level 3. HP: 19/23 MP: 3/3
   343 | D:1      | You fall into a shaft and drop 1 floor!
   854 | D:2      | Reached XP level 4. HP: 25/29 MP: 4/4
   886 | D:2      | Found an ancient bone altar of Kikubaaqudgha.
   974 | D:2      | Found Ixkuc's Book Emporium.
  1240 | D:3      | Noticed Natasha
  1253 | D:3      | Killed Natasha
  1319 | D:3      | Noticed Natasha
  1332 | D:3      | Killed Natasha
  1396 | D:3      | Reached XP level 5. HP: 27/33 MP: 5/5
  1612 | D:3      | Reached XP level 6. HP: 18/39 MP: 6/6
  1755 | D:3      | Noticed Sigmund
  1791 | D:3      | Killed Sigmund
  1792 | D:3      | Reached skill level 5 in Shields
  1917 | D:3      | Noticed Natasha
  1926 | D:3      | Killed Natasha
  1927 | D:3      | Reached skill level 5 in Armour
  2049 | D:3      | Found Laggen's Assorted Antiques.
  2289 | D:3      | Reached skill level 5 in Fighting
  2373 | D:3      | Found a burning altar of Makhleb.
  2473 | D:3      | Reached XP level 7. HP: 44/44 MP: 7/7
  2593 | D:4      | Found a glowing silver altar of Zin.
  2908 | D:4      | Found a glowing drain.
  2923 | Sewer    | Entered a sewer
  3508 | Sewer    | Reached XP level 8. HP: 51/51 MP: 8/8
  3754 | D:4      | Found a glowing golden altar of the Shining One.
  4301 | D:5      | Entered Level 5 of the Dungeon
  4333 | D:5      | Reached skill level 5 in Maces & Flails
  5206 | D:6      | Noticed Dowan
  5206 | D:6      | Noticed Duvessa
  5217 | D:6      | Killed Dowan
  5220 | D:6      | Killed Duvessa
  5221 | D:6      | Reached XP level 9. HP: 44/56 MP: 9/9
  5359 | D:6      | Found a staircase to the Ecumenical Temple.
  5380 | Temple   | Entered the Ecumenical Temple
  5387 | Temple   | Became a worshipper of Gozag Ym Sagoz the Greedy
  5601 | D:6      | Identified the +2 war axe of Extinguishment {speed, MP+9
                  | Stlth+}
  5637 | D:6      | Noticed a komodo dragon
  5653 | D:6      | Killed a komodo dragon
  5656 | D:6      | HP: 1/59 [iguana (4)]
  5656 | D:6      | Mangled by an iguana

Illustrated notes

Levels and vault maps discovered:
D:1:      spicycebolla_arrival_transporter_tutorial, layout_basic
D:2:      layout_rooms, basic_altar, serial_shops, shop
D:3:      layout_basic, demons_altar, serial_shops,
          nicolae_shop_real_fake_doors, minmay_liquid_box, serial_bayou_pond_d,
          minmay_fractal_squares_gapless_5, uniq_natasha, uniq_sigmund
D:4:      layout_loops_corners, zin_scriptorium, mainiacjoe_overflow_catwalk,
          portal_sewer_entry_d
D:5:      layout_basic
D:6:      cheibrodos_barr_body, layout_loops_cross, minmay_temple_entry_grid,
          uniq_duvessa, uniq_grinder
Temple:   nicolae_temple_no_exploring_needed

Skill      XL: |  1  2  3  4  5  6  7  8  9 |
---------------+----------------------------+-----
Fighting       | 4 5 6 7 |  7.8
Armour         | 4 5 6 7 |  7.7
Shields        | 4 5 6 7 |  7.8
Maces & Flails | 3 4 5 6 |  6.6

Action                     |  1- 3 |  4- 6 |  7- 9 || total
---------------------------+-------+-------+-------++-------
  Melee: Flail             |   145 |   149 |   335 ||   629
         Unarmed           |       |     8 |       ||     8
  Evoke: Wand              |       |       |    10 ||    10
    Use: Scroll            |       |       |    15 ||    15
   Stab: Invisible         |       |       |     2 ||     2
 Armour: Scale mail        |   189 |    80 |       ||   269
         Skin              |       |     3 |       ||     3
         Chain mail        |       |    50 |   374 ||   424
  Dodge: Dodged            |   137 |    63 |   178 ||   378
  Block: Buckler           |    51 |    39 |   104 ||   194

Table legend: (Time is in decaauts)
 A = Elapsed time spent in this place.
 B = Non-inter-level travel time spent in this place.
 C = Inter-level travel time spent in this place.
 D = Time resting spent in this place.
 E = Time spent auto-exploring this place.
 F = Levels seen in this place.
 G = Mean time per level.
                   A        B        C        D        E       F      G
               +--------+--------+--------+--------+--------+-----+--------+
         Total |   6164 |   5833 |    331 |    538 |   3426 |   8 |  770.5 |
       Dungeon |   5121 |   4801 |    320 |    527 |   2833 |   6 |  853.5 |
        Temple |     14 |      3 |     11 |      0 |      0 |   1 |   14.0 |
         Sewer |   1027 |   1027 |      0 |     11 |    593 |   1 | 1027.0 |
               +--------+--------+--------+--------+--------+-----+--------+

Top non-repeatable levels by time:
     D:3: 1383 daAuts
     D:4: 1049 daAuts
   Sewer: 1027 daAuts
     D:5: 925 daAuts
     D:1: 796 daAuts
     D:6: 496 daAuts
     D:2: 470 daAuts
  Temple: 14 daAuts
